[Event "Late-Titled-Tuesday-Blitz-September-26-2023"]
[Site "Chess.com"]
[Date "2023.09.26"]
[Round "8"]
[White "YouShallNotPass001"]
[Black "YEIKO2017"]
[Result "1-0"]
[WhiteElo "2363"]
[BlackElo "2465"]
[TimeControl "180+1"]
[EndTime "15:25:46 PDT"]
[Termination "YouShallNotPass001 won on time"]

1. Nf3 c5 2. e3 g6 3. d4 Bg7 4. a3 cxd4 5. exd4 d5 6. h3 Nc6 7.
Be2 Nf6 8. O-O O-O 9. Bf4 Ne4 10. c3 Bf5 11. a4 Rc8 12. Na3 h6 13. Rc1 g5 14.
Bh2 Qd7 15. b4 e6 16. a5 a6 17. Nd2 Ne7 18. Nab1 Ng6 19. Nb3 Nf4 20. Nc5 Nxc5 21.
bxc5 e5 22. Na3 Rfe8 23. Bf3 e4 24. Be2 Re6 25. Nc2 Rg6 26. Ne3 Bxh3 27. gxh3 Qxh3 28.
Bg4 Qh4 29. Bxc8 h5 30. Bg3 Nh3+ 31. Bxh3 Qxh3 32. Bh2 f5 33. Kh1 f4 34. Nxd5 f3 35. Rg1 Kh7 36. Ne3 g4 37. Rg3 Qh4 38. Qg1 Bh6 39.
Re1 Qf6 40. d5 Qxc3 41. d6 Qxc5 42. d7 Qe7 43. Rd1 Rg8 44. Nf5 Qf6 45. Nxh6 Kxh6 46. Qe1 Rd8 47. Qxe4 h4 48. Qe3+ Kh5 49. Rgg1 g3 50.
Rd5+ Kg4 51. Bxg3 hxg3 52. Rxg3+ Kh4 53. Qe4+ 1-0

[Event "Late-Titled-Tuesday-Blitz-September-26-2023"]
[Site "Chess.com"]
[Date "2023.09.26"]
[Round "8"]
[White "platy3"]
[Black "TigrVShlyape"]
[Result "1/2-1/2"]
[WhiteElo "2890"]
[BlackElo "2970"]
[TimeControl "180+1"]
[EndTime "15:25:47 PDT"]
[Termination "Game drawn by repetition"]

1. e4 c5 2. Nf3 e6 3. d4 cxd4 4. Nxd4 a6 5. c4 Nf6 6. Nc3 Qc7 7. Be2 b6 8. Be3 Bb7 9. f3 d6 10. Rc1 Nbd7 11. g4 h6 12. Kd2 g5 13. Kc2 O-O-O 14.
Kb1 Kb8 15. h4 Rg8 16. hxg5 hxg5 17. Nd5 exd5 18. cxd5 Nc5 19. b4 Nfd7 20. bxc5 Nxc5 21. Qd2 Be7 22. Rc2 Bf6 23. Rhc1 Qd7 24. Qb4 Ka7 25. Rb2 Qc7 26. a4 Rb8 27. Qa3 Ra8 28. Rc4 Rh8 29. Rcb4 Rh1+ 30. Ka2 Rc8 31. a5 b5 32. Rxb5 Bxd4 33.
Rxb7+ Nxb7 34. Bxd4+ Ka8 35. Bxa6 Rb8 36. Bb5 Qxa5 37.
Bc6 Ra1+ 38. Kxa1 Qxa3+ 39. Ra2 Qxa2+ 40. Kxa2 Rg8 41. Kb3 Kb8 42. Kb4 Kc7 43. Kb5 Nd8 44. Bb6+ Kc8 45. Bd4 Kc7 46. Bb6+ Kc8 47. Bd4 Rg6 48. Be8 Rh6 49. Be3 Rh3 50. Bxg5 Rxf3 51.
Be7 Rf4 52. Bxd6 Rxe4 53. Bc6 Nxc6 54. Kxc6 Rxg4 55. Bc5 Rg6+ 56. d6 Re6 57. Bb4 Rg6 58. Bd2 f5 59. Be3 Kd8 60. Bd2 Kc8 61. Bf4 Re6 62.
Bd2 Rg6 1/2-1/2

[Event "Late-Titled-Tuesday-Blitz-September-26-2023"]
[Site "Chess.com"]
[Date "2023.09.26"]
[Round "8"]
[White "Agibileg"]
[Black "Likvidator228"]
[Result "1-0"]
[WhiteElo "2687"]
[BlackElo "2548"]
[TimeControl "180+1"]
[EndTime "15:25:50 PDT"]
[Termination "Agibileg won by resignation"]

1. d4 Nf6 2. c4 e6 3. Nc3 d5 4. cxd5 exd5 5. Bg5 c6 6. e3 Be7 7. Bd3 Bg4 8. Qb3 Qb6 9. Qc2 Bh5 10. f4 Na6 11. a3 h6 12. Bh4 g5 13. fxg5 Ng4 14.
Qd2 hxg5 15. Bg3 Nc7 16. Na4 Qb3 17. Nc3 Ne6 18. Nf3 O-O-O 19. O-O Bg6 20. Bxg6 fxg6 21.
a4 Ng7 22. a5 Nf5 23. a6 b6 24. Rfc1 Ngxe3 25. Nd1 Nc4 26. Qe1 Kd7 27. Ne5+ Nxe5 28.
Bxe5 Rhe8 29. Rc3 Qb5 30. Rac1 Rc8 31. Ne3 Bb4 32. Nxf5 gxf5 33. Qf2 Bxc3 34. Qxf5+ Re6 35. bxc3 Re8 36. Rf1 Qe2 37. Qh7+ R8e7 38. Qg8 Qe3+ 39. Kh1 Qd3 40. Qf8 Qxc3 41. Qb8 Rxe5 42. dxe5 Qxe5 43. Qxa7+ Qc7 44. Qa8 Kd6 45. Qf8 Kc5 46. Re1 Kd6 47. Qxe7+ Qxe7 48. Rxe7 Kxe7 49. a7 d4 50. a8=Q d3 51.
Qxc6 d2 52. Qc2 d1=Q+ 53. Qxd1 1-0

[Event "Late-Titled-Tuesday-Blitz-September-26-2023"]
[Site "Chess.com"]
[Date "2023.09.26"]
[Round "8"]
[White "Garmendiarov"]
[Black "ZuraTqebuchava"]
[Result "1-0"]
[WhiteElo "2302"]
[BlackElo "2232"]
[TimeControl "180+1"]
[EndTime "15:25:52 PDT"]
[Termination "Garmendiarov won on time"]

1. e4 e5 2. Nf3 Nc6 3. Bb5 Be7 4. O-O d6 5. c3 Nf6 6. Re1 O-O 7. h3 a6 8. Ba4 b5 9. Bb3 Na5 10. Bc2 c5 11. d4 cxd4 12. cxd4 Nc6 13. Nc3 Bb7 14. Nd5 Nxd5 15. exd5 Nxd4 16. Nxd4 exd4 17. Qd3 g6 18.
Bh6 Bf6 19. Bxf8 Qxf8 20. Qe4 Be5 21. f4 Bf6 22. Bd3 Kg7 23. Rac1 Qd8 24. Re2 Rc8 25.
Rxc8 Qxc8 26. Rc2 Qa8 27. Rc6 Bxc6 28. dxc6 Qb8 29. f5 Qc7 30. fxg6 hxg6 31. Qd5 Bd8 32. a4 bxa4 33. Bxa6 Bf6 34. Bb5 d3 35. Qxd3 Bxb2 36. Bxa4 Be5 37. Bb5 Qb6+ 38. Kf1 Qc5 39. Qc4 Qxc4+ 40.
Bxc4 d5 41. Bxd5 Bc7 42. Ke2 Kf6 43. Kf3 Ke7 44. Kg4 f6 45. h4 Kd6 46. Bf3 Ke5 47.
Kh3 Kf4 48. Bd5 Ke5 49. Bf7 Kf5 50. Be8 Bb8 51. g4+ Ke6 52. Bxg6 Ke7 53. Bf5 Kf8 54.
h5 Kg7 55. Kg2 Kh6 56. Kf3 Kg5 57. Ke4 Bc7 58. Kd5 Bb8 59. Ke6 Bc7 60. Kd7 Be5 61. c7 Bxc7 62. Kxc7 1-0

[Event "Late-Titled-Tuesday-Blitz-September-26-2023"]
[Site "Chess.com"]
[Date "2023.09.26"]
[Round "8"]
[White "RonArtest77"]
[Black "Inepton_Fermion"]
[Result "1-0"]
[WhiteElo "2497"]
[BlackElo "2358"]
[TimeControl "180+1"]
[EndTime "15:25:54 PDT"]
[Termination "RonArtest77 won on time"]

1. d4 Nf6 2. Bg5 d5 3. e3 e6 4.
c3 Be7 5. Bd3 Nbd7 6. Nd2 h6 7.
Bxf6 Nxf6 8. f4 c5 9. Ngf3 Qc7 10.
Ne5 Bd7 11. O-O a6 12. Rc1 Bb5 13. Bxb5+ axb5 14. Qb3 Qa5 15. a3 Qa4 16. Qd1 Qxd1 17. Rfxd1 O-O 18. g4 Bd6 19. h3 Rfc8 20. Kg2 Kf8 21.
Kf3 Ke7 22. h4 h5 23. g5 Nd7 24. g6 Bxe5 25. dxe5 fxg6 26. Rg1 Kf7 27. e4 Nb6 28.
Rg2 Nd7 29. Rcg1 Nf8 30. f5 dxe4+ 31. Nxe4 exf5 32. Nd6+ Ke6 33. Nxc8 Rxc8 34. Rd1 Kxe5 35. Re2+ Kf6 36. Rd6+ Kf7 37. Rb6 Rc7 38. Kf4 Nd7 39. Rxb5 Nf6 40. Kf3 Ng4 41. Rb6 Nf6 42. Rd6 Nd7 43.
c4 Nf6 44. Rd8 Ne4 45. Rxe4 fxe4+ 46. Kxe4 Kf6 47. Rd6+ Kf7 48. Kd5 Re7 49. Kxc5 Re4 50. a4 Rxh4 51. a5 g5 52. Rd7+ Kg6 53. Rxb7 Rh1 54. Rb3 Rd1 55. a6 1-0

[Event "Late-Titled-Tuesday-Blitz-September-26-2023"]
[Site "Chess.com"]
[Date "2023.09.26"]
[Round "8"]
[White "azikom"]
[Black "Verony64"]
[Result "1-0"]
[WhiteElo "2616"]
[BlackElo "2274"]
[TimeControl "180+1"]
[EndTime "15:25:54 PDT"]
[Termination "azikom won by checkmate"]

1. Nf3 d6 2. c4 e5 3. Nc3 f5 4. d4 e4 5. Nd2 Nf6 6. e3 Be7 7. b4 O-O 8. Be2 c6 9. a4 Na6 10. b5 Nc7 11. Nb3 d5 12. Ba3 Bxa3 13. Rxa3 Qe7 14.
Qc1 f4 15. exf4 e3 16. fxe3 Bg4 17. O-O Bxe2 18. Nxe2 Ng4 19. Nc5 b6 20. h3 Nf6 21.
Nd3 dxc4 22. Ne5 cxb5 23. axb5 Kh8 24. Ra4 Nxb5 25. Rxc4 Rad8 26. Ng3 Nd5 27. Kh2 Nd6 28. Rc6 Qh4 29. Qd2 Qxg3+ 30. Kxg3 Ne4+ 31. Kh2 Nxd2 32. Ra1 a5 33. Ra2 Ne4 34. Ra3 Rf6 35. Rc1 Rh6 36. Nf3 Nef6 37. Ne5 Rf8 38. Rb1 Rh5 39. Kg1 g5 40. fxg5 Rxg5 41. Nf3 Rg7 42. Rb5 Ne7 43. Rxb6 Nfd5 44. Re6 Rxf3 45. Rxa5 Rf8 46. Re5 Rfg8 47. g4 h6 48. Raxd5 Kh7 49. Rd6 Ng6 50. Ree6 Nh4 51.
Rxh6# 1-0

[Event "Late-Titled-Tuesday-Blitz-September-26-2023"]
[Site "Chess.com"]
[Date "2023.09.26"]
[Round "8"]
[White "zajka-molotok"]
[Black "GothamChess"]
[Result "1-0"]
[WhiteElo "2570"]
[BlackElo "2693"]
[TimeControl "180+1"]
[EndTime "15:26:00 PDT"]
[Termination "zajka-molotok won by resignation"]

1. e4 c6 2. d4 d5 3. exd5 cxd5 4. Bd3 Nc6 5. c3 g6 6. h3 Bg7 7. Nf3 Nh6 8. O-O O-O 9. Re1 Nf5 10. Bf4 Nd6 11.
Nbd2 Re8 12. Qb3 e6 13. Ne5 f6 14. Nef3 Na5 15. Qb4 Bf8 16. Qa4 Bd7 17. Qc2 Qe7 18.
Re2 Rac8 19. Rae1 Qg7 20. Nb3 Nac4 21. Nc5 Qf7 22. b3 Nb6 23. Qd2 g5 24. Bxd6 Bxd6 25. Nxb7 Bf8 26. b4 h5 27. Nc5 g4 28. hxg4 hxg4 29. Nh2 f5 30. Qg5+ Bg7 31. Nf1 Rc7 32. Ng3 Rxc5 33. bxc5 Na4 34. Nxf5 Kf8 35. Nd6 Qe7 36.
Qf4+ Kg8 37. Nxe8 Qxe8 38. Rc2 e5 39. dxe5 Nxc5 40. Bf5 Qf8 41. e6 Bxe6 42. Bxe6+ Nxe6 43. Qxf8+ Nxf8 44. Rd1 d4 45. cxd4 Ne6 46. d5 Nf4 47.
Rc8+ Kf7 48. d6 Bf6 49. Kf1 Ne6 50. d7 Bd8 51. Ra8 a5 52. Ra7 Ke7 53. Ra8 g3 54. fxg3 Nc5 55. g4 Ne6 56. Ra7 Ng5 57. Re1+ Kd6 58. Re8 Nf7 59. Ra8 Bb6 60. d8=Q+ Nxd8 61. Rexd8+ 1-0

[Event "Late-Titled-Tuesday-Blitz-September-26-2023"]
[Site "Chess.com"]
[Date "2023.09.26"]
[Round "8"]
[White "topin8"]
[Black "TheMagician"]
[Result "1/2-1/2"]
[WhiteElo "2418"]
[BlackElo "2265"]
[TimeControl "180+1"]
[EndTime "15:26:01 PDT"]
[Termination "Game drawn - insufficient material"]

1. e4 e5 2. Nf3 Nc6 3. Bb5 Nf6 4. O-O Nxe4 5. d4 d5 6. Nxe5 Bd7 7. Nxd7 Qxd7 8. f3 Nd6 9. Re1+ Be7 10. Bxc6 Qxc6 11. Nc3 Rd8 12. Re5 Nc8 13. Ne2 O-O 14. Nf4 Bd6 15. Re2 Qd7 16. Qd3 c6 17. Bd2 Rfe8 18.
Rae1 Rxe2 19. Rxe2 g6 20. Kf2 Re8 21. Rxe8+ Qxe8 22. Qe2 Qxe2+ 23. Kxe2 Kf8 24. g3 Ke7 25. b3 Kd7 26. c4 Ne7 27. Kd3 a6 28. Ne2 Ke6 29. a4 h5 30. Nf4+ Bxf4 31. Bxf4 f6 32. h3 g5 33. Bd2 Nf5 34. Be1 Nd6 35. g4 hxg4 36.
hxg4 dxc4+ 37. bxc4 b5 38. axb5 axb5 39. cxb5 cxb5 40.
Bd2 Kd5 41. f4 gxf4 42. Bxf4 Ne4 43. Be3 b4 44. Bg1 b3 45. Be3 Nd6 46. Kc3 Nb5+ 47. Kxb3 Nxd4+ 48. Kc3 Nf3 49. Kd3 Ne5+ 50. Ke2 Nxg4 51.
Bc1 Ke4 52. Bd2 f5 53. Bg5 Ne5 54. Kf2 Nd3+ 55. Kg3 Nc5 56. Kf2 Ne6 57. Bh6 Nf4 58. Kg3 Ne2+ 59. Kf2 Nc3 60. Kg3 Ke5 61.
Bg7+ Ke4 62. Bxc3 f4+ 63. Kf2 f3 64. Bd2 Kd3 65. Kxf3 1/2-1/2

[Event "Late-Titled-Tuesday-Blitz-September-26-2023"]
[Site "Chess.com"]
[Date "2023.09.26"]
[Round "8"]
[White "Beca95"]
[Black "CheckThis4"]
[Result "1/2-1/2"]
[WhiteElo "2920"]
[BlackElo "2689"]
[TimeControl "180+1"]
[EndTime "15:26:02 PDT"]
[Termination "Game drawn by repetition"]

1. e4 c5 2. Nf3 d6 3. d4 cxd4 4. Nxd4 Nf6 5. Nc3 g6 6. Be2 Bg7 7. O-O Nc6 8. Be3 O-O 9. Nb3 Be6 10. f4 Rc8 11. Bf3 Bc4 12. Rf2 b5 13. a3 a6 14. Rd2 Qc7 15. Kh1 Rfd8 16. Nd5 Bxd5 17. exd5 Na5 18. Nxa5 Qxa5 19. c3 Rc4 20. Qg1 Rb8 21.
Re1 Qc7 22. Bd4 Re8 23. Rde2 a5 24. Bb6 Qb7 25. Bxa5 Rxf4 26. Qb6 Qd7 27. Qc6 Qf5 28. Bb6 Rxf3 29. gxf3 Qxf3+ 30. Kg1 h5 31. Bd4 Rf8 32. Bxf6 Bxf6 33. Qxb5 h4 34. Rf1 Qg4+ 35. Rg2 Qe4 36. Re2 Qg4+ 37. Kh1 Kg7 38. Qd3 h3 39. Qe4 Qh5 40. a4 Rh8 41. Qf3 Qg5 42. Rg1 Qh4 43.
Re4 Qh6 44. a5 Qd2 45. Re2 Qh6 46. a6 Qh4 47. Re4 Qh6 48. a7 Ra8 49. Qe3 Qxe3 50. Rxe3 Rxa7 51. Rxh3 Ra2 52. b4 Rc2 53. Rgg3 Be5 54.
Rd3 f5 55. Kg1 g5 56. Kf1 g4 57. Rhe3 Kf6 58. Re2 Rc1+ 59. Kg2 f4 60. Kf2 Rh1 61. Kg2 Rc1 62. Kf2 Rh1 63. Kg2 Rc1 1/2-1/2

[Event "Late-Titled-Tuesday-Blitz-September-26-2023"]
[Site "Chess.com"]
[Date "2023.09.26"]
[Round "8"]
[White "Nf3c5"]
[Black "szachmistrz2500"]
[Result "1-0"]
[WhiteElo "2600"]
[BlackElo "2442"]
[TimeControl "180+1"]
[EndTime "15:26:02 PDT"]
[Termination "Nf3c5 won by checkmate"]

1. d4 Nf6 2. Nf3 g6 3. Bg5 Bg7 4. Nbd2 d6 5. e4 h6 6. Bh4 Nbd7 7. Bc4 e5 8. dxe5 dxe5 9. O-O O-O 10. a4 Qe7 11. a5 c6 12. c3 Nc5 13. Re1 g5 14. Bg3 Nh5 15. Qc2 Nf4 16. b4 Nd7 17.
Bf1 Re8 18. Nc4 Nf8 19. Ne3 Be6 20. Nd2 Rad8 21. Rad1 h5 22. f3 h4 23. Bf2 N8g6 24. Bc4 Bf8 25. Nf5 Qf6 26. Bf1 Rd7 27. Nc4 Red8 28.
Rxd7 Rxd7 29. Nce3 a6 30. Rd1 Qd8 31. Rxd7 Qxd7 32.
g3 hxg3 33. hxg3 Nh5 34. Ng4 Be7 35. Qc1 Ng7 36. Nxe7+ Qxe7 37. Bc5 Qd8 38. Ne3 f6 39. Qc2 Kf7 40. Bc4 Qd7 41. Kg2 Ne7 42. Qe2 Bxc4 43.
Nxc4 Nc8 44. Ne3 Ne6 45. Qc4 Kg7 46. Nf5+ Kg6 47. Be3 Ne7 48. g4 Kf7 49. Nh6+ Kg6 50. Nf5 Kf7 51. Kf2 Kg6 52. Ke2 Kf7 53. Qb3 Nc8 54. Qb1 Nd6 55. Qh1 Nxf5 56. gxf5 Ng7 57. Qh7 Qd6 58. Qg6+ Kg8 59. Bc5 Qd8 60. Qh6 Kf7 61.
Qh7 Qg8 62. Qg6# 1-0

[Event "Late-Titled-Tuesday-Blitz-September-26-2023"]
[Site "Chess.com"]
[Date "2023.09.26"]
[Round "8"]
[White "IMRosen"]
[Black "cassoulet"]
[Result "0-1"]
[WhiteElo "2560"]
[BlackElo "2748"]
[TimeControl "180+1"]
[EndTime "15:26:05 PDT"]
[Termination "cassoulet won by resignation"]

1. d4 Nf6 2. Bf4 g6 3. Nc3 d5 4. e3 Bg7 5. h4 h5 6. Nf3 Bg4 7. Qd2 Nbd7 8. Ne5 c6 9. f3 Be6 10. O-O-O Qa5 11. Kb1 Rc8 12. Bd3 a6 13. e4 dxe4 14.
fxe4 O-O 15. Nxd7 Nxd7 16. Bh6 Bxd4 17. Bxf8 Bxc3 18. Qxc3 Qxa2+ 19. Kc1 Rxf8 20. b3 Qa3+ 21. Qb2 Qc5 22. Kb1 a5 23. Bc4 Bg4 24. Be2 Be6 25.
Bc4 Bg4 26. Be2 Ne5 27. Bxg4 hxg4 28. h5 g5 29. h6 Kh7 30. Rdf1 f6 31. Rf5 b5 32. Qc1 a4 33. Qb2 axb3 34. Qxb3 Qd4 35. Re1 Kxh6 36. Qb2 Qd2 37. Rh1+ Kg6 38. Rxe5 fxe5 39.
Qxe5 Qb4+ 40. Kc1 Qa3+ 41. Kb1 Qb4+ 42. Kc1 Qd6 43. Qc3 Qf6 44. e5 Qf4+ 45. Kb1 Qe4 46.
Rd1 Ra8 47. Kb2 Ra4 48. Rd3 Rb4+ 49. Kc1 Rc4 50. Qd2 Qxe5 51. Kd1 Qa1+ 52. Ke2 Re4+ 53.
Re3 Qe5 54. Rxe4 Qxe4+ 55. Kd1 Qd5 56. Ke2 Qxg2+ 57. Kd1 Qxd2+ 58. Kxd2 Kf5 59. Ke3 c5 60.
Kd3 e5 61. Kc3 g3 62. Kb3 g2 63. Kb2 g1=Q 64. Ka2 Qd4 65. Kb1 Qc3 66. Kc1 b4 67. Kb1 b3 68. cxb3 Qxb3+ 69. Ka1 Qc3+ 70. Kb1 Qd2 0-1

[Event "Late-Titled-Tuesday-Blitz-September-26-2023"]
[Site "Chess.com"]
[Date "2023.09.26"]
[Round "8"]
[White "ExchangeAB"]
[Black "gordonzyxu"]
[Result "1/2-1/2"]
[WhiteElo "2406"]
[BlackElo "2208"]
[TimeControl "180+1"]
[EndTime "15:26:17 PDT"]
[Termination "Game drawn - insufficient material"]

1. d4 Nf6 2. Nc3 g6 3. e4 d6 4. h4 Bg7 5. Be2 c5 6. d5 e6 7. h5 exd5 8. hxg6 fxg6 9. exd5 O-O 10. Nf3 Nbd7 11. Bg5 Qe8 12. Qd2 a6 13. O-O-O b5 14. Rde1 Qf7 15. Bh6 Nb6 16. Ng5 Qb7 17. Bxg7 Qxg7 18.
Ne6 Bxe6 19. dxe6 d5 20. Bf3 d4 21. Bxa8 dxc3 22. Qxc3 Rxa8 23. Qxc5 Nbd5 24. Qc6 Re8 25. Qxa6 Nc7 26. Qc6 Nfd5 27. a3 Qf6 28. f3 Qg5+ 29. Kb1 Qxg2 30. Qd7 Re7 31. Qd8+ Kg7 32. f4 Rxe6 33.
Reg1 Qe4 34. Qd7+ Re7 35. Qh3 Kg8 36. f5 Rg7 37. fxg6 Rxg6 38. Rxg6+ Qxg6 39. Qh2 Kh8 40.
Rg1 Qf7 41. Qe5+ Qf6 42. Qxf6+ Nxf6 43. Rg5 h5 44. Rc5 Ne6 45. Rxb5 Kg7 46. Rb7+ Kg6 47. Rb3 h4 48. Rh3 Kg5 49. b4 Nf4 50. Rh1 h3 51. Kb2 Kf5 52. Kb3 Ke5 53. a4 Kd5 54. a5 Kc6 55. c4 Ne4 56. Ka4 Ng3 57. Rh2 Nf1 58. Rxh3 Nxh3 59. a6 Kb6 60. b5 Ne3 61. Kb4 Nc2+ 62. Kc3 Ne3 63. Kd4 Nc2+ 64. Kd5 Nb4+ 65.
Kd6 Nd3 66. c5+ Nxc5 67. a7 Kxa7 68. Kxc5 Kb7 69. b6 Nf4 70. Kb5 Nd5 71. Kc5 Nxb6 1/2-1/2

[Event "Late-Titled-Tuesday-Blitz-September-26-2023"]
[Site "Chess.com"]
[Date "2023.09.26"]
[Round "8"]
[White "Mesa_1"]
[Black "arminmusovic"]
[Result "1-0"]
[WhiteElo "2632"]
[BlackElo "2508"]
[TimeControl "180+1"]
[EndTime "15:26:25 PDT"]
[Termination "Mesa_1 won by resignation"]

1. Nf3 Nf6 2. c4 c5 3. Nc3 Nc6 4. g3 g6 5. d4 Bg7 6. d5 Nb8 7. Bg2 d6 8. O-O O-O 9. h3 b5 10. Nxb5 Ba6 11. a4 Nbd7 12. Ra2 Nb6 13. b3 Bxb5 14. axb5 Ne4 15. Qc2 Nf6 16. Bb2 Qc8 17.
Rfa1 Qb7 18. Ra6 Rfe8 19. Ne1 h5 20. Nf3 Bh6 21. Bc3 Nc8 22. e3 Nb6 23. Qa2 Nc8 24.
Nd2 Rb8 25. Qb2 Bg7 26. Ne4 Nxe4 27. Bxg7 Ng5 28. Bh6 f6 29. Bxg5 fxg5 30. Be4 Kf7 31. Qc2 Rg8 32. f4 Qd7 33. f5 Rf8 34. Rf1 Kg7 35.
Qb2+ Rf6 36. Rf2 Rb7 37. Ra1 Nb6 38. Raf1 Rb8 39. fxg6 Rf8 40. Bf5 Qe8 41. g4 h4 42.
e4 Nd7 43. Bxd7 Qxd7 44. Rf5 Kxg6 45. Qd2 Rxf5 46. exf5+ Kf6 47. Re1 Rg8 48. Re6+ Kf7 49. Qc3 Rg7 50. f6 exf6 51. Qxf6+ Kg8 52. Rxd6 Qf7 53.
Rd8+ Kh7 54. Qxf7 Rxf7 55. Rc8 Rf3 56. Rxc5 Rd3 57. Rc7+ Kg6 58. Rxa7 Kf6 59. Ra6+ Ke5 60. Kf2 Rxh3 61. Re6+ Kf4 62. d6 Rh2+ 63. Ke1 Rh1+ 64. Kd2 Rh2+ 65. Kc3 Rg2 66. d7 Rg3+ 67. Kc2 Rg2+ 68. Kc3 Rg3+ 69. Kd4 Rg1 70. Rd6 h3 71. d8=Q h2 72. Qf6+ Kg3 73. Qe5+ Kxg4 74. Qxh2 Rd1+ 75.
Kc5 Rf1 76. Qg2+ 1-0

[Event "Late-Titled-Tuesday-Blitz-September-26-2023"]
[Site "Chess.com"]
[Date "2023.09.26"]
[Round "8"]
[White "HajiyevKanan"]
[Black "esrosenberg"]
[Result "1-0"]
[WhiteElo "2498"]
[BlackElo "2365"]
[TimeControl "180+1"]
[EndTime "15:26:27 PDT"]
[Termination "HajiyevKanan won by resignation"]

1. d4 d5 2. Nf3 Bf5 3. Nh4 e6 4. Nxf5 exf5 5. c4 Nf6 6. cxd5 Nxd5 7. Nc3 Be7 8. Qb3 Nb6 9. Bf4 O-O 10. e3 N8d7 11. Bd3 g6 12. Be2 c5 13. Rd1 cxd4 14. Rxd4 Qc8 15. h4 Nc5 16. Qd1 Ne6 17. Bh6 Nxd4 18.
Qxd4 f6 19. Bxf8 Qxf8 20. h5 Rd8 21. Qf4 Bd6 22. Qf3 Qg7 23. hxg6 hxg6 24. Bd1 Be5 25. Bb3+ Kf8 26. Rh4 g5 27. Rh5 Qd7 28. Rh8+ Kg7 29.
Rxd8 Qxd8 30. Qxf5 Bxc3+ 31. bxc3 Qc7 32. Kd2 Nc4+ 33. Kc2 Ne5 34. Qe6 b5 35. Qg8+ Kh6 36. Qh8+ Kg6 37. Qg8+ Kh6 38. Qd5 a6 39. f4 gxf4 40.
exf4 Nc4 41. Qe4 Na3+ 42. Kb2 Nc4+ 43. Bxc4 bxc4 44. g4 Qb6+ 45. Kc2 Qf2+ 46. Kb1 Qg1+ 47.
Kb2 Qf2+ 48. Ka3 Qc5+ 49. Kb2 Qf2+ 50. Kc1 Qg1+ 51. Kd2 Qf2+ 52. Kd1 Qxa2 53. Qh1+ Kg7 54. Qb7+ Kh6 55. Qh1+ Kg7 56. Qe4 Qa1+ 57. Kd2 Qb2+ 58. Qc2 Qb5 59. Ke3 Qc5+ 60. Kf3 Qd5+ 61. Qe4 Qd1+ 62.
Kg3 Qd3+ 63. Qxd3 cxd3 64. Kf3 a5 65. Ke3 a4 66. Kxd3 a3 67. Kc2 1-0

[Event "Late-Titled-Tuesday-Blitz-September-26-2023"]
[Site "Chess.com"]
[Date "2023.09.26"]
[Round "8"]
[White "amanmuhammethommadov"]
[Black "acertijo08"]
[Result "1-0"]
[WhiteElo "2606"]
[BlackElo "2401"]
[TimeControl "180+1"]
[EndTime "15:26:31 PDT"]
[Termination "amanmuhammethommadov won on time"]

1. e4 c5 2. Nf3 d6 3. d4 cxd4 4. Nxd4 Nf6 5. Nc3 a6 6. Bg5 e6 7.
f4 Nbd7 8. Qf3 Qc7 9. O-O-O b5 10. Bd3 Bb7 11. Rhe1 Qb6 12. Nd5 Qxd4 13. Bxf6 gxf6 14.
Bxb5 Qc5 15. b4 Qxb5 16. Nc7+ Ke7 17. Nxb5 axb5 18. Qd3 Ra6 19. Qxb5 Rb6 20. Qd3 Bh6 21. g3 Ra8 22. a3 Ba6 23. Qe3 Rc8 24. Rd2 Rbc6 25.
a4 Rc3 26. Qa7 Bd3 27. Kb2 Rxc2+ 28. Rxc2 Rxc2+ 29. Kb3 f5 30. exf5 Bg7 31. fxe6 Rc3+ 32. Ka2 Rc2+ 33. Ka3 Rc3+ 34. Ka2 fxe6 35. Rd1 Rc2+ 36.
Kb3 Rc3+ 37. Ka2 Bc4+ 38. Kb1 Rb3+ 39. Kc2 Rb2+ 40. Kc1 Rxb4 41. Qc7 Bd5 42. Rxd5 exd5 43. Qa7 d4 44. a5 d3 45. Kd2 Rb2+ 46. Kxd3 Rxh2 47.
a6 Ra2 48. Qb7 Ra3+ 49. Ke2 Ra2+ 50. Kf3 Kd8 51. a7 Ra3+ 52. Kg2 Ra2+ 53. Kh3 Bd4 54. a8=Q+ Rxa8 55. Qxa8+ Ke7 56. Qe4+ Be5 57. Qxh7+ Ke6 58.
fxe5 dxe5 59. Qg6+ Nf6 60. g4 Ke7 61. g5 Nd5 62.
Qf5 Nf4+ 63. Kh2 Kd6 64. g6 Ne6 65. Qf6 Kd5 66. Qf7 e4 67. g7 1-0

[Event "Late-Titled-Tuesday-Blitz-September-26-2023"]
[Site "Chess.com"]
[Date "2023.09.26"]
[Round "8"]
[White "Horokoskii"]
[Black "YellowJacek"]
[Result "0-1"]
[WhiteElo "2107"]
[BlackElo "2322"]
[TimeControl "180+1"]
[EndTime "15:26:32 PDT"]
[Termination "YellowJacek won by resignation"]

1. c4 Nf6 2. Nc3 g6 3. d4 d5 4. Nf3 Bg7 5. Bf4 O-O 6. Rc1 dxc4 7. e3 c5 8. Bxc4 cxd4 9. Qxd4 Qa5 10. O-O Nc6 11.
Qd1 Rd8 12. Qb3 e6 13. Nb5 a6 14. Bc7 axb5 15. Bxa5 bxc4 16. Qxc4 Rxa5 17. a3 Ra8 18. Rfd1 Rxd1+ 19. Rxd1 Bd7 20. Nd4 Nxd4 21. Qxd4 Nd5 22. Qd2 Bc6 23. h3 Bf6 24. e4 Ne7 25. f3 Kg7 26.
Kh1 g5 27. e5 Bxe5 28. Qxg5+ Ng6 29. Qe3 Bxb2 30. Rb1 Bf6 31. Rd1 h6 32. Qf2 Ne7 33. Qg3+ Kf8 34. Qf4 Bg7 35. Qd6 Ke8 36. Rd3 Bd5 37. Rd1 Nf5 38. Qb6 Be5 39. a4 Ng3+ 40. Kg1 Kf8 41. a5 Kg7 42. Kf2 Nf5 43. Qb1 Bd4+ 44. Kf1 Bc4+ 45. Ke1 Rxa5 46. Rxd4 Nxd4 47. Qb2 Ra1+ 48. Qxa1 e5 49. Qb2 b5 50. f4 f6 51.
fxe5 fxe5 52. Kf2 Kf6 53. Kg3 Ke6 54. Qf2 Kd5 55. Qb2 Nc6 56. Qd2+ Kc5 57. Qxh6 b4 58. h4 b3 59. Qe3+ Kb4 60. h5 Nd4 61. Qd2+ Ka3 62.
Kg4 b2 63. Qc3+ Bb3 64. Qxb2+ Kxb2 65. h6 Bg8 66. Kg5 e4 67. Kf4 Bh7 68. g4 Ne6+ 69.
Ke3 Kc3 70. g5 Nxg5 71. Ke2 Kd4 0-1

[Event "Late-Titled-Tuesday-Blitz-September-26-2023"]
[Site "Chess.com"]
[Date "2023.09.26"]
[Round "8"]
[White "Jaka_Brilej"]
[Black "Balla_Tamas"]
[Result "0-1"]
[WhiteElo "2504"]
[BlackElo "2437"]
[TimeControl "180+1"]
[EndTime "15:26:33 PDT"]
[Termination "Balla_Tamas won by checkmate"]

1. e4 c5 2. c3 Nf6 3. e5 Nd5 4. Nf3 Nc6 5. Bc4 e6 6. O-O Be7 7. d4 cxd4 8. cxd4 d6 9. Qe2 O-O 10. Qe4 dxe5 11. dxe5 g6 12. Rd1 Qc7 13. Bd2 Re8 14.
Nc3 Nxc3 15. Bxc3 a6 16. Qf4 b5 17. Bd3 Bb7 18. h4 Rad8 19. h5 b4 20. hxg6 fxg6 21. Be1 Rf8 22. Qg4 Nxe5 23. Qxe6+ Nf7 24. Be4 Bxe4 25.
Qxe4 Bf6 26. Bxb4 Rfe8 27. Rxd8 Qxd8 28. Qc2 Qb6 29. Bc3 Bxc3 30. bxc3 Rc8 31. Rc1 Qc5 32. Qe2 Qa5 33. c4 Qa3 34. Qc2 Qc5 35.
Qa4 Rc6 36. Qb3 Kg7 37. Qc3+ Rf6 38. Qd4 Qf5 39. c5 Qf4 40. Qxf4 Rxf4 41. c6 Nd6 42.
Rd1 Nc8 43. Rd8 Nb6 44. c7 Rc4 45. Rd6 Nc8 46. Rd7+ Kf6 47. Rxh7 Ke6 48. Rg7 Kf6 49. Rh7 Ke6 50. Nh4 Rc1+ 51. Kh2 g5 52. Nf3 g4 53.
Ng5+ Kd6 54. Kg3 Nb6 55. Ne4+ Ke5 56. Re7+ Kd4 57. Kxg4 Nd5 58. Re8 Nxc7 59. Re7 Nd5 60. Re8 Rc2 61. Kf3 Rxa2 62. Rd8 Ra3+ 63. Ke2 Kxe4 64.
f3+ Kd4 65. g3 Ra2+ 66. Kf1 Kc4 67. Rc8+ Kb4 68. f4 Ne3+ 69. Ke1 a5 70. Rb8+ Kc4 71. Re8 Kd3 72. Rd8+ Ke4 73. f5 Kf3 74. f6 Re2# 0-1

[Event "Late-Titled-Tuesday-Blitz-September-26-2023"]
[Site "Chess.com"]
[Date "2023.09.26"]
[Round "8"]
[White "mitrabhaa"]
[Black "SlipperySpeedster"]
[Result "1-0"]
[WhiteElo "2838"]
[BlackElo "2639"]
[TimeControl "180+1"]
[EndTime "15:26:35 PDT"]
[Termination "mitrabhaa won by checkmate"]

1. d4 d5 2. Nc3 Nf6 3. Bf4 a6 4. e3 e6 5. Nf3 c5 6. dxc5 Bxc5 7.
Bd3 Nc6 8. O-O O-O 9. e4 dxe4 10. Nxe4 Be7 11. Qe2 Qa5 12. Bd2 Qh5 13. Ng3 Qc5 14. Bc3 Nd5 15. Bd2 f5 16. a3 Bf6 17. c4 Nc7 18. Rad1 g6 19. b4 Qe7 20. Be3 e5 21. Bc5 Qf7 22. Bxf8 Qxf8 23. c5 e4 24. Bc4+ Kg7 25.
Nd2 Nd4 26. Qe3 Ncb5 27. a4 Nc2 28. Qf4 Nc3 29. Rc1 Nxb4 30. Qc7+ Kh8 31. Nb3 Nxa4 32. Rfd1 Nc6 33. Qf4 Nb2 34. Rd6 Be5 35.
Qd2 Nxc4 36. Rxc4 Bxd6 37. cxd6 Be6 38. Rc3 Rd8 39. Nc5 Rxd6 40. Qf4 Rd1+ 41. Nf1 Bd5 42.
h4 Qf6 43. Rc1 Rxc1 44. Qxc1 Qe7 45. Ne3 Bf7 46. g3 Ne5 47. Qc3 Kg8 48. Kg2 Nf3 49. h5 f4 50. h6 Be8 51. Nd5 Qe5 52. Qb3 Bf7 53. Qxb7 Bxd5 54. Qc8+ Kf7 55. Nd7 Qh5 56. Qf8+ Ke6 57. Nc5+ Ke5 58. Qxf4+ Kd4 59. Qe3+ Kc4 60. Nxe4 Ne5 61. Qc5+ Kb3 62. Qxd5+ Kc2 63. Qd2+ Kb3 64. Qc3+ Ka2 65. Nd2 Qf5 66. Qb3+ Ka1 67. Qa3# 1-0